Unix NetHack Version 3.7.0-71 Work-in-progress - last build Jan 31 2023 02:41:03 (7ba98a1283f2b7cec35fde026edb48fc825ab8ae,branch:master). Game began 2023-02-06 13:38:47, ended 2023-02-06 13:54:24. Gandelf, neutral male human Monk --------------- |.............| |.............| |..............### ------------- |.............| ## |C.........C| |..<..........| # |.....C.....| ------|-------- # #|...-----...| #[###|.......|...| ##...C|{.{|C..| #|[..|.{.|...| |...-----...| |.....C...&d| |C....S...@C| ------------- Gandelf the Novice St:16 Dx:14 Co:13 In:9 Wi:15 Ch:10 Neutral S:1102 Dlvl:5 $:94 HP:0(37) Pw:23(23) AC:6 Xp:5/185 T:1639 Latest messages: In what direction? . What do you want to zap? [BH-N or ?*] ? Never mind. What do you want to take off? [abOV or ?*] V The water demon wields a mace! You finish taking off your shoes. What do you want to wear? [V or ?*] ? Never mind. What do you want to drop? [$a-su-xzA-DF-PR-Z or ?*] V You drop an uncursed thoroughly rusty +0 pair of iron shoes. Abradog drops an uncursed thoroughly rusty +0 pair of iron shoes. You see here a statue of a plains centaur. You swap places with Abradog. You swap places with Abradog. What do you want to zap? [BH-N or ?*] ? Nothing happens. The wand called sleep? turns to dust. What do you want to zap? [BH-JL-N or ?*] Never mind. What do you want to zap? [BH-JL-N or ?*] ? In what direction? k What do you want to zap? [BH-JL-N or ?*] ? Nothing happens. The wand of magic missile turns to dust. You miss the water demon. The water demon swings her mace. The water demon hits! The water demon hits! The water demon bites! You miss the water demon. You miss the water demon. The water demon swings her mace. The water demon hits! The water demon hits! The water demon bites! You miss the water demon. The water demon swings her mace. The water demon hits! The water demon hits! The water demon bites! Are you sure you want to pray? [yn] (n) y You begin praying to Chih Sung-tzu. The water demon swings her mace. The water demon hits! You die... Do you want your possessions identified? [ynq] (y) y Do you want to see your attributes? [ynq] (y) y Do you want an account of creatures vanquished? [ynaq] (y) y Do you want to see your conduct and achievements? [ynq] (y) y Do you want to see the dungeon overview? [ynq] (y) y Inventory: Coins $ - 94 gold pieces Amulets v - an uncursed amulet of change Weapons S - 9 +0 ya l - 10 +0 darts p - a +0 dart m - 17 +0 shuriken X - 6 +0 daggers n - a +0 spear Armor O - an uncursed +0 orcish helm (being worn) U - an uncursed +0 pair of gauntlets of power a - an uncursed +0 pair of leather gloves (being worn) W - an uncursed +0 dwarvish cloak b - an uncursed +0 robe (being worn) T - an uncursed +0 Hawaiian shirt with a flamingo motif Comestibles G - an uncursed slime mold h - 5 uncursed apples g - 3 uncursed food rations j - 3 uncursed fortune cookies C - an uncursed fortune cookie i - 6 uncursed oranges w - an uncursed tin of smoked jackal meat D - an uncursed egg Scrolls d - an uncursed scroll of blank paper Z - an uncursed scroll of blank paper Spellbooks c - an uncursed spellbook of blank paper Potions e - 2 uncursed potions of water f - an uncursed potion of water q - an uncursed potion of water r - an uncursed potion of water s - an uncursed potion of water x - an uncursed potion of water z - an uncursed potion of water P - an uncursed potion of water Rings u - an uncursed ring of cold resistance Wands M - a wand of cancellation (0:4) J - a wand of cold (0:-1) N - a wand of digging (0:-1) H - a wand of secret door detection (0:-1) B - a wand of speed monster (0:-1) I - a wand of speed monster (0:-1) Tools o - an uncursed blindfold k - an uncursed lock pick Gems/Stones A - an uncursed worthless piece of orange glass Y - 2 uncursed worthless pieces of red glass F - an uncursed worthless piece of violet glass R - an uncursed worthless piece of yellowish brown glass Gandelf the Monk's attributes: Background: You were a Novice, a level 5 male human Monk. You were neutral, on a mission for Chih Sung-tzu who was opposed by Shan Lai Ching (lawful) and Huan Ti (chaotic). You were in the Dungeons of Doom, on level 5. You entered the dungeon 1639 turns ago. There was a full moon in effect when your adventure ended. You had 185 experience points, 135 more were needed to attain level 6. Your score was 1102 before end-of-game adjustments. Basics: You had 0 out of 37 hit points. You had all 23 energy points (spell power). Your armor class was 6. Your wallet contained 94 zorkmids. Autopickup was on for '$?!+/=' plus thrown. Final Characteristics: Your strength was 16 (limit:18/100). Your dexterity was 14 (limit:18). Your constitution was 13 (limit:18). Your intelligence was 9 (limit:18). Your wisdom was 15 (peak:16, limit:18). Your charisma was 10 (limit:18). Final Status: You were not hungry. You were unencumbered. You were empty handed. You had basic skill with martial arts. Final Attributes: You were devoutly aligned. You were sleep resistant. You were poison resistant. You saw invisible. You were stealthy. You were guarded. You were fast. You were unlucky. Chih Sung-tzu was angry with you. You are dead. Miscellaneous: You never encountered a bones level. Total elapsed playing time was 15 minutes and 36 seconds. Major events: Turn 1: Gandelf the neutral male human Monk entered the dungeon 835: attained the rank of Novice (level 3) 940: entered the Gnomish Mines 1639: killed by a water demon, while praying Vanquished creatures: 2 small mimics a shrieker a giant ant a dwarf a centipede a monkey a coyote 2 giant rats a cave spider a brown mold 2 gnomes 2 gnome zombies a gecko 5 jackals 3 foxes a goblin a sewer rat 5 grid bugs a bat a lichen a kobold zombie 3 newts 38 creatures vanquished. No species were genocided or became extinct. Voluntary challenges: You followed a strict vegan diet. You never hit with a wielded weapon. You read items or engraved 8 times. You never engraved Elbereth. You never genocided any monsters. You never polymorphed an object. You never changed form. You used no wishes. Achievements: You entered a shop. You attained the rank of Novice. You entered the Gnomish Mines. The Dungeons of Doom: levels 1 to 5 Level 1: A fountain. Level 2: A wand shop. Level 3: An armor shop. Stairs down to The Gnomish Mines. Level 4: Level 5: <- You were here. Many fountains. Oracle of Delphi. Final resting place for you, killed by a water demon, while praying. The Gnomish Mines: Level 4: Game over: ---------- / \ / REST \ / IN \ / PEACE \ / \ | Gandelf | | 94 Au | | killed by a | | water demon | | | | | | 2023 | *| * * * | * _________)/\\_//(\/(/\)/\//\/|_)_______ Goodbye Gandelf the Monk... You died in The Dungeons of Doom on dungeon level 5 with 1093 points, and 94 pieces of gold, after 1639 moves. You were level 5 with a maximum of 37 hit points when you died.